 Dungeon Crawl Stone Soup version 0.29.0-11-gd7f09526c8 (webtiles) character file.

Game seed: 4215166405208606134

632 SensoryNuts the Cleaver (level 7, -28/60 HPs)
             Began as a Hill Orc Fighter on Sept 6, 2022.
             Annihilated by an ogre
             ... wielding a +0 giant spiked club
              (34 damage)
             ... on level 5 of the Dungeon.
             The game lasted 00:03:18 (3828 turns).

SensoryNuts the Cleaver (Hill Orc Fighter)          Turns: 3828, Time: 00:03:18

Health: -28/60     AC: 13    Str: 21    XL:     7   Next: 49%
Magic:  7/7        EV:  6    Int:  8    God:
Gold:   251        SH:  0    Dex: 16    Spells: 6/6 levels left

rFire   . . .      SeeInvis .   a - +2 war axe
rCold   . . .      Faith    .   c - +0 buckler
rNeg    . . .      Spirit   .   p - +0 plate armour
rPois   .          Reflect  .   (no helmet)
rElec   .          Harm     .   (no cloak)
rCorr   .          Rampage  .   (no gloves)
Will    .....                   r - +0 pair of boots
Stlth   ..........              (no amulet)
HPRegen 0.20/turn               n - +6 ring of dexterity
MPRegen 0.10/turn               l - ring of flight

@: confused, mighty, ambrosia-drunk, flying
A: no striking features
a: no special abilities


You were on level 5 of the Dungeon.
You visited 1 branch of the dungeon, and saw 5 of its levels.

You collected 251 gold pieces.

Inventory:

Hand Weapons
 a - a +2 war axe (weapon)
Armour
 b - a +0 scale mail
 c - a +0 buckler (worn)
 p - a +0 plate armour (worn)
 r - a +0 pair of boots (worn)
 v - a +1 cloak
Jewellery
 i - a ring of protection from cold
 l - a ring of flight (right hand)
 n - a +6 ring of dexterity (left hand)
 o - a ring of protection from cold
 u - an amulet of magic regeneration
Scrolls
 k - 5 scrolls of teleportation
 t - a scroll of poison {unknown}
Potions
 d - a potion of might
 e - a potion of ambrosia
 f - a potion of magic {unknown}
 g - 2 potions of lignification {unknown}
 h - a potion of curing {unknown}
 j - a potion of brilliance {unknown}
 m - a potion of heal wounds {unknown}
 q - a potion of resistance {unknown}
 s - a potion of attraction {unknown}


   Skills:
 + Level 4.6 Fighting
 * Level 8.9 Axes
 + Level 4.7 Armour
 + Level 0.2 Dodging
 + Level 0.1 Stealth
 + Level 3.8 Shields


You had 6 spell levels left.
You didn't know any spells.
Your spell library contained the following spells:

 Spells                   Type           Power      Damage    Failure   Level
 Ensorcelled Hibernation  Hex/Ice        0%         N/A       100%        2
 Passwall                 Tmut/Erth      0%         N/A       100%        2
 Swiftness                Air            0%         N/A       100%        3


Dungeon Overview and Level Annotations

Branches:
Dungeon (5/15)
 Temple: D:4-7

Altars:
Dithmenos
Kikubaaqudgha
Trog


Message History

You kill the howler monkey!
The orc completely misses you.
You slash the orc!
You kill the orc!
The orc closely misses you.
You slash the orc!
You kill the orc!
The orc barely misses you.
You slice the orc!!
You kill the orc!
You block the orc's attack.
The orc hits you from afar with a +0 trident.
The ogre barely misses you.
You slash the ogre!
The ogre is heavily wounded.
The orc barely misses you.
You barely miss the ogre.
The ogre is heavily wounded.
The ogre hits you with a +0 giant spiked club!
* * * LOW HITPOINT WARNING * * *
You block the orc's attack.
You feel mightier all of a sudden.
The ogre hits you with a +0 giant spiked club.
* * * LOW HITPOINT WARNING * * *
The orc hits you but does no damage.
You hit the ogre.
The ogre is heavily wounded.
The orc hits you but does no damage.
You slash the ogre!
The ogre is almost dead.
The ogre hits you with a +0 giant spiked club!
* * * LOW HITPOINT WARNING * * *
The orc hits you but does no damage.
Okay, then.
Okay, then.
You are confused.
You feel invigorated. The orc barely misses you.
The ogre hits you with a +0 giant spiked club!!
Ouch! That really hurt!
You die...

#....###...#
###.##.......#
.............## .#
#.# #........# '#
+##+ #.#
###.#...... . #..#
#.# #...#......
#'###'#..#
#.###.########.
#.....#..###.##..#
###<
'.._..'.O@......##
#...
#.....#o.#.#.####
#...
#'###'#.)#.#.#
#... ..#.)##).####
####
#'##)##)......#
.#..)g.#......#
..#.....#......#
#'##+###......#
... ########


You could see an ogre and an orc.

Vanquished Creatures
  The ghost of pacmanke6689 the Trooper, an amateur DsFi (D:3)
  A phantom (D:4)
  Blork the orc (D:4)
  A kobold brigand (D:4)
  A howler monkey (D:5)
  A hound (D:5)
  2 jellies (D:4)
  2 orc priests
  4 gnolls (D:5)
  2 adders
  A worm (D:3)
  3 dart slugs
  12 orcs
  4 endoplasms
  A giant cockroach (D:3)
  9 goblins
  8 hobgoblins
  3 quokkas
  7 ball pythons
  A bat (D:3)
  A frilled lizard (D:2)
  7 kobolds
  8 rats
81 creatures vanquished.

Notes
Turn   | Place    | Note
-------+----------+-------------------------------------------
     0 | D:1      | SensoryNuts the Hill Orc Fighter began the quest for the
                  | Orb.
     0 | D:1      | Reached XP level 1. HP: 19/19 MP: 1/1
   397 | D:1      | Reached skill level 3 in Axes
   811 | D:2      | Reached XP level 2. HP: 25/27 MP: 2/2
  1221 | D:2      | Reached skill level 4 in Axes
  1221 | D:2      | Reached XP level 3. HP: 31/33 MP: 3/3
  1721 | D:3      | Found a faded altar of an unknown god.
  1735 | D:3      | Found a runed translucent door.
  1751 | D:3      | Noticed pacmanke6689's ghost (amateur DsFi)
  1877 | D:3      | Found a bloodstained altar of Trog.
  2137 | D:3      | Found a shadowy altar of Dithmenos.
  2326 | D:3      | Reached XP level 4. HP: 39/40 MP: 4/4
  2344 | D:3      | You are sucked into a shaft and drop 1 floor!
  2373 | D:4      | Noticed a phantom
  2388 | D:4      | Killed a phantom
  2389 | D:4      | Reached skill level 5 in Axes
  2389 | D:4      | Reached XP level 5. HP: 36/46 MP: 5/5
  2502 | D:4      | Noticed a kobold brigand
  2512 | D:4      | Killed a kobold brigand
  2513 | D:4      | Reached skill level 6 in Axes
  2513 | D:4      | Reached XP level 6. HP: 41/52 MP: 6/6
  2845 | D:3      | Killed pacmanke6689's ghost
  2846 | D:3      | Reached skill level 7 in Axes
  3254 | D:4      | Noticed Blork the orc
  3265 | D:4      | Killed Blork the orc
  3266 | D:4      | Reached skill level 8 in Axes
  3266 | D:4      | Reached XP level 7. HP: 48/60 MP: 7/7
  3722 | D:5      | Entered Level 5 of the Dungeon
  3790 | D:5      | Found an ancient bone altar of Kikubaaqudgha.
  3827 | D:5      | HP: 1/60 [ogre/+0 giant spiked club (10)]
  3828 | D:5      | Annihilated by an ogre

Illustrated notes

Levels and vault maps discovered:
D:1:      evilmike_arrival_rings, layout_basic, nicolae_titane
D:2:      layout_basic
D:3:      layout_loops_cross, nicolae_dithmenos_shadow_blocks,
          mainiacjoe_overflow_concentric_impassable,
          hellmonk_ecumenical_altar_heavens_door,
          hellmonk_ghost_happy_afterlife, hex_tiny
D:4:      layout_basic, uniq_blork_the_orc
D:5:      layout_rooms, fedhas_altar_fruit_tree, mainiacjoe_overflow_24_doors,
          minmay_temple_entry_statues

Skill      XL: |  1  2  3  4  5  6 |
---------------+-------------------+-----
Axes           | 3 4 5 6 8 |  8.9
Armour         | 4 |  4.7
Fighting       | 4 |  4.6
Dodging        | |  0.2
Stealth        | |  0.1
Shields        | |  3.8

Action                   |  1- 3 |  4- 6 |  7- 9 || total
-------------------------+-------+-------+-------++-------
Melee: War axe           |    89 |    70 |    41 ||   200
  Use: Scroll            |     7 |       |     1 ||     8
       Potion            |       |       |     3 ||     3
Armor: Scale mail        |    35 |       |       ||    35
       Plate armour      |       |    36 |    25 ||    61
Dodge: Dodged            |    33 |    14 |    15 ||    62
Block: Buckler           |    18 |    12 |    12 ||    42
